 Dungeon Crawl Stone Soup version 0.17-a0-1945-gfe993df (webtiles) character file.

38 Gruud the Insei (level 3, -1/26 HPs)
             Began as a Demonspawn Transmuter on Sept 30, 2015.
             Slain by a shadow imp (4 damage)
             ... summoned by Natasha
             ... on level 2 of the Dungeon.
             The game lasted 00:04:44 (1365 turns).

Gruud the Insei (Demonspawn Transmuter)             Turns: 1365, Time: 00:04:45

Health: -1/26      AC:  2    Str: 10    XL:     3   Next: 25%
Magic:  6/6        EV: 20    Int: 14    God:
Gold:   33         SH:  0    Dex: 19    Spells: 3 memorised, 0 levels left

rFire  . . .     SeeInvis .       - Unarmed
rCold  . . .     Clarity  .     b - +0 robe
rNeg   . . .     SustAt   .     (no shield)
rPois  .         Gourm    .     (helmet restricted)
rElec  .         Spirit   .     (no cloak)
rCorr  .         Warding  .     (no gloves)
rMut   .         Stasis   .     (boots currently unavailable)
MR     .....                    (no amulet)
Stlth  +++.......               (no ring)
                                (no ring)

@: agile, appendage (expiring), slowed, very slow, not resistant to hostile
enchantments, fairly stealthy
A: antennae 1, talons 3, repulsion field 1
a: End Transformation


You were on level 2 of the Dungeon.
You were not hungry.
You had grown temporary talons.
You visited 1 branch of the dungeon, and saw 2 of its levels.

You collected 33 gold pieces.

Inventory:

Missiles
 a - 12 arrows
 h - 21 sling bullets
Armour
 b - a +0 robe (worn)
Potions
 e - a potion of flight
 l - a potion of curing {unknown}
Books
 c - a book of Changes

   Spells                             Type                      Level
   a - Beastly Appendage              Transmutation                1
   b - Sticks to Snakes               Transmutation                2
   c - Spider Form                    Transmutation/Poison         3
   d - Ice Form                       Ice/Transmutation            4
   e - Blade Hands                    Transmutation                5
Comestibles
 d - 2 bread rations
 f - a chunk of flesh
 g - a beef jerky
 i - a meat ration


   Skills:
 - Level 1.0 Fighting
 - Level 2.4 Dodging
 * Level 3.3 Unarmed Combat
 - Level 2.0 Spellcasting
 * Level 2.2 Transmutations


You couldn't memorise any spells.
You knew the following spells:

 Your Spells              Type           Power        Failure   Level  Hunger
a - Beastly Appendage     Trmt           #.....       12%         1    ##.....
b - Sticks to Snakes      Trmt           #.........   17%         2    ###....
c - Spider Form           Trmt/Pois      #.........   47%         3    ####...


Dungeon Overview and Level Annotations

Branches:
Dungeon (2/15)

Altars:

Annotations:
D:2 Natasha


Innate Abilities, Weirdness & Mutations

You have a pair of small antennae on your head.
You are surrounded by a mild repulsion field (EV +2).
You have claws for feet.


Message History

Natasha claws you.
You closely miss Natasha. You claw Natasha.
Natasha is moderately wounded.
Natasha mumbles some strange words.
Natasha barely misses you.
You hit Natasha but do no damage.
Natasha is moderately wounded.
Natasha stares at you and mumbles some strange words.
The magic dart hits you!
* * * LOW HITPOINT WARNING * * *
You hit Natasha. You claw Natasha.
Natasha is severely wounded.
Natasha casts a spell at you. You resist with significant effort.
Natasha casts a spell.
Drink which item? (? for menu, Esc to quit)
It was a potion of agility.
You feel agile all of a sudden.
The crimson imp blinks!
The shadow imp hits you.
You die...

.[[. ..#
..# ..#
#§# #g#
#h# #@# #
##5##.#
#.....#
####..####
#.....#
#.##.## #
#.# #.#
#.##÷#


You could see Natasha, a shadow imp and a goblin.

Vanquished Creatures
  An ooze (D:2)
  A ball python (D:1)
  2 giant cockroaches
  5 goblins
  7 hobgoblins
  5 kobolds
  A quokka (D:2)
  2 bats
  2 giant newts
  5 rats
31 creatures vanquished.

Notes
Turn   | Place    | Note
--------------------------------------------------------------
     0 | D:1      | Gruud the Demonspawn Transmuter began the quest for the Orb.
     0 | D:1      | Reached XP level 1. HP: 15/15 MP: 3/3
   283 | D:1      | Lost mutation: You have a pair of horns on your head. [demonic ancestry]
   283 | D:1      | Lost mutation: You have a pair of small horns on your head. [demonic ancestry]
   283 | D:1      | Gained mutation: You have a pair of small antennae on your head. [demonic ancestry]
   283 | D:1      | Reached XP level 2. HP: 15/21 MP: 1/5
   312 | D:1      | Reached skill level 3 in Unarmed Combat
   491 | D:1      | Learned a level 2 spell: Sticks to Snakes
   971 | D:2      | Gained mutation: You are surrounded by a mild repulsion field (EV +2). [demonic ancestry]
   971 | D:2      | Reached XP level 3. HP: 4/26 MP: 6/6
  1219 | D:2      | Learned a level 3 spell: Spider Form
  1351 | D:2      | Noticed Natasha
  1365 | D:2      | Slain by a shadow imp

Vault maps used:
D:1:      arrival_zaba_pyramid, grunt_decor_arrowhead
D:2:      corner_web_ring, uniq_jessica, uniq_natasha

Action                   || total
-------------------------++-------
Melee: Unarmed           ||   128
 Cast: Beastly Appendage ||    20
  Use: Scroll            ||     2
       Potion            ||     1
  Eat: Chunk             ||     2
